 Dungeon Crawl Stone Soup version 0.27-a0-78-g75406f0b48 (webtiles) character file.

Game seed: 12321919434153178392

2108 Essalna the Digger (level 9, -1/42 (52) HPs)
             Began as a Gargoyle Earth Elementalist on Jan 14, 2021.
             Was a Follower of Vehumet.
             Splashed by a centaur's acid (14 damage)
             ... on level 7 of the Dungeon.
             The game lasted 00:21:43 (8490 turns).

Essalna the Digger (Gargoyle Earth Elementalist)    Turns: 8490, Time: 00:21:43

HP:   -1/42 (52)    AC: 18    Str: 11    XL:     9   Next: 28%
MP:   23/26         EV: 12    Int: 20    God:    Vehumet [*.....]
Gold: 280           SH:  4    Dex: 10    Spells: 9/18 levels left

rFire    + . .     SeeInvis .   y - +2 hand axe (elec)
rCold    . . .     Faith    .   u - +0 buckler {reflect}
rNeg     + . .     Spirit   .   J - +2 leather armour {rF+}
rPois    ∞         Reflect  +   L - +2 helmet
rElec    +         Harm     .   p - scarf {shadows}
rCorr    .         Rampage  .   (no gloves)
Will     .....                  v - +2 pair of boots
Stlth    ++........             (no amulet)
HPRegen  0.14/turn              j - ring of magical power
MPRegen  0.20/turn              w - ring of wizardry

@: heavily drained
A: negative energy resistance 1, electricity resistance, unbreathing,
petrification resistance, miasma immunity, AC +6
a: Renounce Religion


You were on level 7 of the Dungeon.
You worshipped Vehumet.
Vehumet was aware of your devotion.
You visited 2 branches of the dungeon, and saw 8 of its levels.
You also visited: Ossuary.

You collected 520 gold pieces.
You spent 240 gold pieces at shops.

Inventory:

Hand Weapons
 y - a +2 hand axe of electrocution (weapon)
Missiles
 b - 177 stones
Armour
 p - a scarf of shadows (worn)
 u - a +0 buckler of reflection (worn)
 v - a +2 pair of boots (worn)
 C - a +3 scale mail of cold resistance
 H - the cursed +0 tower shield "Yzxol" {Int+5 Dex+2, unknown}
   (You found it on level 5 of the Dungeon)

   It affects your intelligence (+5).
   It affects your dexterity (+2).
   It has a curse placed upon it.
 J - a +2 leather armour of fire resistance (worn)
 L - a +2 helmet (worn)
Jewellery
 h - an uncursed ring of protection from fire
 j - a ring of magical power (left hand)
 k - an uncursed ring of fire
 w - a ring of wizardry (right hand)
 K - the amulet "Keifep" {RegenMP rF- Str+3 Dex+4 Stlth+}
   (You found it on level 7 of the Dungeon)

   [amulet of magic regeneration]

   It increases your magic regeneration.
   It affects your strength (+3).
   It affects your dexterity (+4).
   It makes you vulnerable to fire.
   It makes you more stealthy.
 M - an uncursed ring of ice
Wands
 B - a wand of flame (40)
 N - a wand of random effects (23)
 Q - a wand of iceblast (4)
Scrolls
 e - 9 scrolls of identify
 f - 4 scrolls of teleportation
 i - 4 scrolls of remove curse
 s - a scroll of fog
 x - a scroll of immolation
 I - a scroll of summoning {unknown}
 O - a scroll of enchant armour
 P - a scroll of enchant weapon
Potions
 g - a potion of mutation
 l - a potion of might {unknown}
 m - a potion of heal wounds {unknown}
 n - 2 potions of cancellation {unknown}
 o - 3 potions of brilliance {unknown}
 q - 2 potions of ambrosia {unknown}
 r - 2 potions of curing {unknown}
 t - a potion of degeneration {unknown}
 z - 2 potions of flight {unknown}
 A - a potion of berserk rage {unknown}
 D - 2 potions of lignification {unknown}


   Skills:
 + Level 4.3 Fighting
 + Level 4.1 Armour
 + Level 3.7 Dodging
 - Level 2.1 Stealth
 - Level 4.0 Shields
 + Level 5.4 Spellcasting
 - Level 3.0 Transmutations
 + Level 7.7 Earth Magic


You had 9 spell levels left.
You knew the following spells:

 Your Spells              Type           Power        Failure   Level
a - Sandblast             Erth           36%          1%          1
b - Stone Arrow           Conj/Erth      20%          3%          3
c - Lee's Rapid Deconstr  Erth           9%           7%          5

Your spell library contained the following spells:

 Spells                   Type           Power        Failure   Level
 Shock                    Conj/Air       8%           6%          1
 Passwall                 Tmut/Erth      10%          1%          2
 Sting                    Tmut/Pois      20%          3%          1
 Petrify                  Tmut/Erth      13%          6%          4
 Poisonous Vapours        Pois/Air       4%           9%          2
 Ignite Poison            Fire/Tmut/Pois 4%           12%         3
 Mephitic Cloud           Conj/Pois/Air  2%           16%         3
 Olgreb's Toxic Radiance  Pois           2%           45%         4


Dungeon Overview and Level Annotations

Branches:
Dungeon (7/15)             Temple (1/1) D:4         Ossuary (visited)

Altars:
Ashenzari
Cheibriados
Elyvilon
Gozag
Hepliaklqana
Kikubaaqudgha
Makhleb
Nemelex Xobeh
Okawaru
Qazlal
Ru
Sif Muna
Trog
Uskayaw
Vehumet
Wu Jian
Yredelemnul
Zin
Lugonu

Shops:
D:4 =   D:5 [

Annotations:
D:3 3 runed translucent doors, Descartes's ghost, weakling FeDe


Innate Abilities, Weirdness & Mutations

You are resistant to torment.
Your stone body is resilient. (AC +6)
You are immune to poison.
You resist negative energy. (rN+)
You are resistant to electric shocks. (rElec)
You can survive without breathing.
You are immune to petrification.
You are immune to miasma.


Message History

The centaur shoots an arrow.
The arrow barely misses you.
The centaur shoots an arrow.
The arrow hits you.
You see here an arrow.
The centaur shoots an arrow.
The arrow hits you.
You hear a shout!
You see here an arrow.
You are too injured to fight recklessly!
You are too injured to fight recklessly!
The centaur shoots an arrow.
The arrow barely misses you.
The centaur unwields a +0 shortbow.
The centaur hits you but does no damage.
A centaur comes into view.
The centaur misses you.
Aiming: Stone Arrow (dangerous; 3% risk of failure)
Press: ? - help, Q - select action, (/) - cycle Shift-Dir - straight line, f - centaur
Aim: a centaur, quivering 18 arrows and carrying a wand of acid (12) (19% to evade)
You feel a numb sensation.
The stone arrow hits the centaur.
The centaur is moderately wounded.
The centaur zaps a wand.
The bolt of acid hits you!
You are splashed with acid!
You die...

****** ##* *,,,,** #.# **,**,,**
###.###### **,,,**,,* #....#...#
**,,,,,**,*###.......#
***,,,,,,,#.##.......(.#
*,,,,,_,,,......$..((..#
*,*,,,,,,,**#.<.@.(##..####
*,**,,,,,**#...c...#....#.##
*,***,,,**.......#.#.......## *,*
**,**,.......#.#.....(..##
*,***,,,,,..###c....#........#
*,,,*,,,,,.,,,....###........####
***,,,,,,,,*,####.,........#...#.
**,,,,,,,,,*** *,,.#..#....##....
*,,,*,,,,,,,,***,,*#..#.....#)##.


You could see 2 centaurs.

Vanquished Creatures
  Sigmund (D:6)
  Eustachio (D:6)
  Edmund (D:6)
  An ice beast (D:6)
  A black bear (D:3)
  3 phantoms
  An ogre (D:6)
  An elf zombie (Ossuary)
  Blork the orc (D:4)
  A scorpion (D:7)
  An orc priest (D:5)
  2 hounds (D:4)
  A jelly (D:5)
  6 orc wizards
  Natasha (D:4)
  2 iguanas
  Ijyb (D:3)
  3 worker ants
  A hell rat (D:6)
  A killer bee zombie (D:5)
  3 big kobold zombies (Ossuary)
  2 hound zombies (Ossuary)
  3 mummies (Ossuary)
  8 gnolls
  A howler monkey skeleton (D:6)
  6 river rats (D:6)
  4 adders
  A shadow imp (D:5)
  An ufetubus (D:5)
  An ooze (D:1)
  5 adder zombies
  3 adder skeletons
  2 worms
  3 dart slugs
  5 leopard geckos
  14 orcs
  2 ball pythons (D:1)
  2 giant cockroaches
  7 goblins
  7 hobgoblins
  5 jackals (D:6)
  5 kobolds
  3 quokkas
  4 bats
  7 frilled lizards
  2 gnoll zombies (Ossuary)
  3 goblin zombies (Ossuary)
  A hobgoblin zombie (Ossuary)
  4 jackal zombies (Ossuary)
  4 kobold zombies (Ossuary)
  4 quokka zombies (Ossuary)
  19 rats
  6 rat zombies (Ossuary)
  A spectral orc (D:2)
179 creatures vanquished.

Notes
Turn   | Place    | Note
-------+----------+-------------------------------------------
     0 | D:1      | Essalna the Gargoyle Earth Elementalist began the quest for
                  | the Orb.
     0 | D:1      | Reached XP level 1. HP: 10/10 MP: 3/3
    69 | D:1      | Reached skill level 1 in Transmutations
   123 | D:1      | Reached XP level 2. HP: 10/15 MP: 3/5
   315 | D:1      | Reached skill level 4 in Earth Magic
   607 | D:1      | Reached XP level 3. HP: 15/19 MP: 6/6
  1364 | D:2      | Found a basalt altar of Yredelemnul.
  1628 | D:2      | Found an ornate altar of the Wu Jian Council.
  1736 | D:2      | Found a burning altar of Makhleb.
  1827 | D:2      | Learned a level 3 spell: Stone Arrow
  1853 | D:3      | Noticed a black bear
  1862 | D:3      | Killed a black bear
  1863 | D:3      | Reached skill level 5 in Earth Magic
  1863 | D:3      | Reached XP level 4. HP: 10/24 MP: 7/8
  1863 | D:3      | Reached XP level 5. HP: 12/28 MP: 7/9
  2039 | D:3      | Learned a level 5 spell: Lee's Rapid Deconstruction
  2046 | D:3      | Found a runed translucent gate.
  2343 | D:3      | Found a snail-covered altar of Cheibriados.
  2600 | D:3      | Noticed Descartes's ghost (weakling FeDe)
  2718 | D:3      | Found a runed translucent gate.
  2718 | D:3      | Found a runed translucent gate.
  2841 | D:4      | Found Musaj's Jewellery Emporium.
  2841 | D:4      | Noticed Ijyb
  2879 | D:3      | HP: 1/28 [Ijyb/puff of flame (7)]
  2883 | D:3      | Killed Ijyb
  3266 | D:4      | Noticed a phantom
  3292 | D:4      | Killed a phantom
  3293 | D:4      | Reached XP level 6. HP: 31/32 MP: 4/11
  3447 | D:4      | Noticed Natasha
  3450 | D:4      | Killed Natasha
  3494 | D:4      | Found a staircase to the Ecumenical Temple.
  3507 | Temple   | Entered the Ecumenical Temple
  3645 | D:4      | Found a hide-covered altar of Uskayaw.
  3646 | D:4      | Noticed a +0 hand axe
  3646 | D:4      | Noticed a +0 dagger
  3846 | D:4      | Got an ivory spear
  3847 | D:4      | Identified the cursed +0 spear "Inkaelosch" {drain, +Blink
                  | +Inv} (You found it on level 4 of the Dungeon)
  4000 | D:4      | Found a shimmering blue altar of Sif Muna.
  4014 | D:4      | Reached skill level 1 in Armour
  4014 | D:4      | Reached XP level 7. HP: 30/37 MP: 13/13
  4021 | D:4      | Reached skill level 1 in Fighting
  4021 | D:4      | Reached skill level 6 in Earth Magic
  4354 | D:4      | Noticed Blork the orc
  4523 | D:4      | Killed Blork the orc
  4524 | D:4      | Reached skill level 1 in Shields
  4918 | D:5      | Entered Level 5 of the Dungeon
  5298 | D:5      | Found an opulent altar of Gozag.
  5524 | D:5      | Found Ishe's Antique Armour Emporium.
  5528 | D:5      | Bought a shiny buckler for 240 gold pieces
  5536 | D:5      | Got an encrusted tower shield
  5670 | D:5      | Reached XP level 8. HP: 44/44 MP: 14/14
  6594 | D:6      | Noticed Eustachio
  6626 | D:6      | Killed Eustachio
  6793 | D:6      | Found a bloodstained altar of Trog.
  6801 | D:6      | Found a sparkling altar of Nemelex Xobeh.
  6805 | D:6      | Reached skill level 7 in Earth Magic
  6821 | D:6      | Noticed Sigmund
  6828 | D:6      | Killed Sigmund
  6829 | D:6      | Reached skill level 5 in Spellcasting
  7053 | D:6      | Noticed Edmund
  7059 | D:6      | Killed Edmund
  7065 | D:6      | Reached XP level 9. HP: 52/52 MP: 2/16
  7574 | D:6      | Found the +2 ratskin cloak {*Rats rPois rN+ Str-1 Int-1
                  | Dex+1}
  7985 | D:6      | Found a radiant altar of Vehumet.
  7989 | D:6      | Became a worshipper of Vehumet
  8048 | D:7      | Found a sand-covered staircase.
  8051 | D:7      | Got a transparent brass amulet
  8057 | Ossuary  | Entered an ossuary
  8058 | Ossuary  | Identified the amulet "Keifep" {RegenMP rF- Str+3 Dex+4
                  | Stlth+} (You found it on level 7 of the Dungeon)
  8128 | Ossuary  | Reached * piety under Vehumet
  8128 | Ossuary  | Offered knowledge of Shock by Vehumet.
  8400 | D:7      | Got a masterwork rapier
  8401 | D:7      | Identified the +4 rapier "Siwnum" {vorpal, *Drain rC++
                  | Dex+4} (You found it on level 7 of the Dungeon)
  8490 | D:7      | Splashed by a centaur's acid

Illustrated notes

Levels and vault maps discovered:
D:1:      dpeg_arrival_fog, layout_rooms
D:2:      layout_basic, pdpol_wu_jian_five_deadly_venoms, lemuel_doored_altar,
          yredelemnul_forgotten_temple_becter
D:3:      layout_basic, lemuel_coloured_pillars_altar, gammafunk_ghost_split
D:4:      layout_cave_pods, dancing_weapons_uskayaw, led_sif_book,
          minmay_temple_entry_crystal_x, serial_shops, shop, uniq_natasha,
          uniq_ijyb, uniq_blork_the_orc
D:5:      minmay_chambers_of_fours, layout_loops_corners, serial_shops, shop,
          nicolae_gozag_cash_rules_everything_around_me
D:6:      wander_guarded_unrand_ratskin, layout_basic, marbit_many_paths,
          old_standard_altar, overflow_temple_1_default, uniq_edmund,
          uniq_eustachio, uniq_sigmund
D:7:      layout_cave_pools, lemuel_round_altar,
          lightli_ossuary_entry_decrepit_ruins
Temple:   corrupted_temple

Skill      XL: |  1  2  3  4  5  6  7  8  9 |
---------------+----------------------------+-----
Transmutations | 1 2 3 |  3.0
Earth Magic    | 4 5 6 7 |  7.7
Spellcasting   | 3 4 5 |  5.4
Armour         | 1 2 3 4 |  4.1
Fighting       | 2 3 4 |  4.3
Dodging        | 2 3 |  3.7
Shields        | 2 3 4 |  4.0
Stealth        | |  2.1

Action                   |  1- 3 |  4- 6 |  7- 9 || total
-------------------------+-------+-------+-------++-------
Melee: Unarmed           |    13 |       |       ||    13
       Dagger            |   120 |    18 |       ||   138
       Hand axe          |       |    51 |   306 ||   357
 Cast: Sandblast         |    26 |    74 |    20 ||   120
       Stone Arrow       |       |    15 |    66 ||    81
       Lee's Rapid Decon |       |       |     3 ||     3
  Use: Scroll            |       |     9 |     4 ||    13
 Stab: Sleeping          |     1 |     1 |     3 ||     5
Armor: Robe              |    79 |    45 |    66 ||   190
       Leather armour    |       |       |    89 ||    89
Dodge: Dodged            |   136 |    93 |   194 ||   423
Block: Buckler           |       |       |    66 ||    66

Table legend: (Time is in decaauts)
 A = Elapsed time spent in this place.
 B = Non-inter-level travel time spent in this place.
 C = Inter-level travel time spent in this place.
 D = Time resting spent in this place.
 E = Time spent auto-exploring this place.
 F = Levels seen in this place.
 G = Mean time per level.
                   A        B        C        D        E       F      G
               +--------+--------+--------+--------+--------+-----+--------+
         Total |   8590 |   8377 |    213 |    561 |   6295 |   9 |  954.4 |
       Dungeon |   8207 |   8008 |    199 |    561 |   6117 |   7 | 1172.4 |
        Temple |     40 |     26 |     14 |      0 |     25 |   1 |   40.0 |
       Ossuary |    342 |    342 |      0 |      0 |    153 |   1 |  342.0 |
               +--------+--------+--------+--------+--------+-----+--------+

Top non-repeatable levels by time:
     D:4: 1708 daAuts
     D:5: 1690 daAuts
     D:6: 1456 daAuts
     D:3: 1338 daAuts
     D:1: 1019 daAuts
     D:2: 827 daAuts
 Ossuary: 342 daAuts
     D:7: 166 daAuts
  Temple: 40 daAuts
